 Dungeon Crawl Stone Soup version 0.30-a0-860-g512cf1e979 (webtiles) character file.

Game seed: 6812752348178312057

1014 zenocrate the Insei (level 8, -19/48 HPs)
             Began as an Octopode Transmuter on Mar 7, 2023.
             Was an Initiate of Gozag.
             Killed from afar by a steam dragon (20 damage)
             ... with a ball of steam
             ... on level 6 of the Dungeon.
             The game lasted 00:06:15 (5588 turns).

zenocrate the Insei (Octopode Transmuter)           Turns: 5588, Time: 00:06:16

Health: -19/48     AC:  1    Str:  9    XL:     8   Next: 21%
Magic:  0/11       EV: 13    Int: 17    God:    Gozag
Gold:   318        SH:  0    Dex: 13    Spells: 4/11 levels left

rFire   . . .      SeeInvis .      - Unarmed
rCold   . . .      Faith    .    (no shield)
rNeg    . . .      Spirit   +    (helmet currently unavailable)
rPois   .          Reflect  .    g - amulet of guardian spirit
rElec   .          Rampage  .    (no ring)
rCorr   .                        (no ring)
Will    .....                    (no ring)
Stlth   +++                      (no ring)
HPRegen 0.28/turn                (no ring)
MPRegen 0.12/turn                (no ring)
                                 (no ring)
                                 (no ring)

@: appendages, wereblooded, gold aura
A: tentacle spike 3, almost no armour, amphibious, 8 rings, camouflage 1,
gelatinous body 1, (nimble swimmer 1), tentacles
a: End Transformation, Renounce Religion, Potion Petition, Call Merchant, Bribe
Branch


You were on level 6 of the Dungeon.
You worshipped Gozag.
Gozag was aware of your devotion.
One of your tentacles had grown a beastly spike.
You visited 2 branches of the dungeon, and saw 7 of its levels.
You also visited: Ossuary.

You collected 393 gold pieces.
You paid 75 gold pieces to Gozag.

Inventory:

Jewellery
 g - an amulet of guardian spirit (around mantle)
 s - an amulet of the acrobat
Wands
 h - a wand of digging (5)
 i - a wand of quicksilver (7)
 p - a wand of mindburst (16)
Scrolls
 b - 2 scrolls of summoning {unknown}
 d - 3 scrolls of teleportation
 j - 2 scrolls of immolation {unknown}
 k - a scroll of amnesia {unknown}
 l - 2 scrolls of fear {unknown}
 m - a scroll of torment {unknown}
 n - a scroll of blinking {unknown}
 r - a scroll of fog {unknown}
Potions
 a - 3 potions of mutation {unknown}
 c - 3 potions of flight
 e - 3 potions of heal wounds
 f - 3 potions of curing
 o - a potion of attraction {unknown}
 q - a potion of brilliance {unknown}


   Skills:
 - Level 1.0 Fighting
 - Level 2.0 Dodging
 - Level 1.2 Stealth
 + Level 6.4 Unarmed Combat
 - Level 2.0 Spellcasting
 + Level 5.9 Transmutations
 - Level 4.3 Ice Magic


You had 4 spell levels left.
You knew the following spells:

 Your Spells              Type           Power      Damage    Failure   Level
a - Beastly Appendage     Tmut           42%        N/A       1%          1
b - Wereblood             Tmut           21%        N/A       2%          2
c - Ice Form              Ice/Tmut       19%        N/A       24%         4

Your spell library contained the following spells:

 Spells                   Type           Power      Damage    Failure   Level
 Spider Form              Tmut/Pois      11%        N/A       17%         3
 Foxfire                  Conj/Fire      4%         2x1d4     19%         1
 Fireball                 Conj/Fire      0%         3d3       99%         5
 Starburst                Conj/Fire      0%         6d3       100%        6


Dungeon Overview and Level Annotations

Branches:
Dungeon (6/15)             Temple (1/1) D:4         Ossuary (visited)

Altars:
Ashenzari
Elyvilon
Fedhas
Gozag
Hepliaklqana
Kikubaaqudgha
Makhleb
Nemelex Xobeh
Okawaru
Qazlal
Ru
Sif Muna
Uskayaw
Xom
Yredelemnul
Zin

Annotations:
D:6 Blork the orc


Innate Abilities, Weirdness & Mutations

One of your tentacles has grown a beastly spike.
You cannot wear most types of armour.
You are amphibious.
You can wear up to eight rings at the same time.
Your skin changes colour to match your surroundings (Stealth+).
Your rubbery body absorbs attacks. (AC +1, EV +1)
((You are camouflaged when in or above water. (Stealth+)))
You have tentacles for arms and can constrict up to eight enemies at once.


Message History

* * * LOW HITPOINT WARNING * * *
The adder is engulfed in a cloud of scalding steam.
The steam dragon bites you.
* * * LOW HITPOINT WARNING * * *
The steam dragon claws you.
* * * LOW HITPOINT WARNING * * *
You feel much better. The steam dragon breathes steam at you.
The ball of steam hits you! The adder misses you.
You hear a shout!
You barely miss the steam dragon.
You squeeze the steam dragon, but do no damage.
The steam dragon is severely wounded.
You are engulfed in a cloud of scalding steam.
The adder is engulfed in a cloud of scalding steam.
The adder dies!
The steam dragon barely misses you. The steam dragon claws you.
* * * LOW HITPOINT WARNING * * *
You tentacle-slap the steam dragon.
You pierce the steam dragon.
Your squeeze misses the steam dragon.
The steam dragon is almost dead.
You are engulfed in a cloud of scalding steam.
* * * LOW HITPOINT WARNING * * *
The steam dragon bites you.
* * * LOW HITPOINT WARNING * * *
The steam dragon barely misses you.
Blork the orc comes into view.
He is wielding a +7 antimagic glaive.
You tentacle-slap the steam dragon but do no damage.
You squeeze the steam dragon, but do no damage.
The steam dragon is almost dead.
The steam dragon misses you. The steam dragon closely misses you.
Unknown command.
You tentacle-slap the steam dragon but do no damage.
Your tentacle spike misses the steam dragon.
Your squeeze misses the steam dragon.
The steam dragon is almost dead.
The steam dragon breathes steam at you. The ball of steam hits you!!
You die...
Your body crumbles into a pile of gold.

####### #.....#
#.....# #.....#
#.....# . #....# ..
#...@####S..
#).D.$...... $
#.....(.....
#.......$...
#..o......$. .(
###'#####...
..>########.....###+##
.....................
............)........


You could see Blork the orc and a steam dragon (catching breath).

Vanquished Creatures
  2 wraiths (Ossuary)
  A bullfrog (D:4)
  2 scorpions
  3 wights (Ossuary)
  3 hounds
  2 iguanas
  A sleepcap (D:4)
  5 gnolls (D:4)
  6 adders
  6 dart slugs
  4 orcs
  8 ball pythons
  6 bats
  9 endoplasms
  6 giant cockroaches
  11 goblins
  11 hobgoblins
  10 kobolds
  5 quokkas
  2 ball python skeletons (Ossuary)
  3 frilled lizards
  A hobgoblin skeleton (Ossuary)
  2 hobgoblin zombies (Ossuary)
  A kobold zombie (Ossuary)
  3 orc zombies (Ossuary)
  6 rats
119 creatures vanquished.

Vanquished Creatures (others)
  A scorpion (D:4)
  A hound (D:4)
  An adder (D:6)
3 creatures vanquished.

Grand Total: 122 creatures vanquished

Notes
Turn   | Place    | Note
-------+----------+-------------------------------------------
     0 | D:1      | zenocrate the Octopode Transmuter began the quest for the
                  | Orb.
     0 | D:1      | Reached XP level 1. HP: 13/13 MP: 3/3
   136 | D:1      | Reached skill level 1 in Stealth
   150 | D:1      | Reached XP level 2. HP: 17/18 MP: 5/5
   153 | D:1      | Learned a level 2 spell: Wereblood
   316 | D:1      | Reached XP level 3. HP: 23/23 MP: 6/6
  1335 | D:2      | Reached XP level 4. HP: 25/28 MP: 5/7
  1340 | D:2      | Learned a level 4 spell: Ice Form
  1716 | D:3      | Reached skill level 4 in Unarmed Combat
  1957 | D:3      | Found a faded altar of an unknown god.
  2063 | D:3      | Found a burning altar of Makhleb.
  2077 | D:3      | Found a sacrificial altar of Ru.
  2149 | D:3      | Reached skill level 1 in Ice Magic
  2255 | D:3      | Found a shimmering blue altar of Sif Muna.
  2267 | D:3      | Found an ancient bone altar of Kikubaaqudgha.
  2310 | D:3      | Found a faded altar of an unknown god.
  2331 | D:3      | Found a broken altar of Ashenzari.
  2642 | D:4      | Reached XP level 5. HP: 15/33 MP: 0/8
  2839 | D:4      | Reached XP level 6. HP: 38/38 MP: 4/9
  2845 | D:4      | Found a shimmering altar of Xom.
  3076 | D:4      | Found a staircase to the Ecumenical Temple.
  3248 | D:4      | Found a sand-covered staircase.
  3257 | Ossuary  | Entered an ossuary
  3371 | Ossuary  | Reached skill level 5 in Unarmed Combat
  3500 | Ossuary  | Noticed a flying skull
  3500 | Ossuary  | Noticed a wraith
  3507 | Ossuary  | Noticed a flying skull
  3509 | Ossuary  | Noticed a flying skull
  3513 | Ossuary  | Noticed a flying skull
  3535 | Ossuary  | Noticed a flying skull
  3642 | Ossuary  | Reached XP level 7. HP: 36/43 MP: 2/10
  3722 | Ossuary  | Noticed a wraith
  3745 | Ossuary  | Killed a wraith
  3892 | Ossuary  | Noticed a wraith
  3904 | Ossuary  | Killed a wraith
  3905 | Ossuary  | Reached skill level 5 in Transmutations
  4178 | D:4      | Reached skill level 6 in Unarmed Combat
  4178 | D:4      | Reached XP level 8. HP: 30/48 MP: 5/11
  4630 | Temple   | Entered the Ecumenical Temple
  4778 | Temple   | Became a worshipper of Gozag Ym Sagoz the Greedy
  4830 | D:5      | Entered Level 5 of the Dungeon
  5578 | D:6      | HP: 2/48 [steam dragon/ball of steam (15)]
  5586 | D:6      | HP: 2/48 [steam dragon] (12)]
  5586 | D:6      | Noticed Blork the orc
  5588 | D:6      | Killed from afar by a steam dragon

Illustrated notes

Levels and vault maps discovered:
D:1:      elethiomel_arrival_infinity_welcomes_careful_drivers, layout_rooms,
          minmay_pentomino_r2
D:2:      layout_loops_corners
D:3:      layout_loops_cross, nicolae_overflow_ecumenical_swirl,
          nicolae_overflow_quartered_altars, basic_ecumenical_altar,
          minivault_26, grunt_ministairs_5
D:4:      layout_layer_cave, xom_confusion_cloud, minmay_temple_entry_statues,
          chequers_ossuary_entry_cave, minmay_fractal_squares_gapless_5
D:5:      layout_cave_pools, moated_statue, minmay_misc_feat_more_columns,
          minmay_liquid_box, corexii_leaking_fountain, nicolae_sextant
D:6:      layout_gridville, trog_butcher_becter, uniq_blork_the_orc
Temple:   nicolae_temple_slightly_damp_pantheon

Skill      XL: |  1  2  3  4  5  6  7 |
---------------+----------------------+-----
Stealth        | 1 |  1.2
Transmutations | 3 4 5 |  5.9
Unarmed Combat | 4 5 6 |  6.4
Ice Magic      | 1 2 3 4 |  4.3
Fighting       | |  1.0
Dodging        | |  2.0
Spellcasting   | |  2.0

Action                     |  1- 3 |  4- 6 |  7- 9 || total
---------------------------+-------+-------+-------++-------
  Melee: Unarmed           |    86 |   156 |    81 ||   323
         Constrict         |    23 |    39 |    11 ||    73
         Tentacles         |    20 |    33 |    15 ||    68
         Kick              |    10 |    40 |    19 ||    69
         Punch             |     1 |     9 |     1 ||    11
   Cast: Beastly Appendage |    11 |    23 |    10 ||    44
         Wereblood         |     9 |    21 |    10 ||    40
         Ice Form          |       |       |     2 ||     2
    Use: Scroll            |     1 |     3 |     1 ||     5
         Potion            |       |     5 |     4 ||     9
   Stab: Sleeping          |     6 |    14 |       ||    20
 Armour: Skin              |     8 |    28 |     6 ||    42
  Dodge: Dodged            |    48 |    77 |    50 ||   175

Table legend: (Time is in decaauts)
 A = Elapsed time spent in this place.
 B = Non-inter-level travel time spent in this place.
 C = Inter-level travel time spent in this place.
 D = Time resting spent in this place.
 E = Time spent auto-exploring this place.
 F = Levels seen in this place.
 G = Mean time per level.
                   A        B        C        D        E       F      G
               +--------+--------+--------+--------+--------+-----+--------+
         Total |   5594 |   5464 |    130 |      4 |   4448 |   8 |  699.2 |
       Dungeon |   4600 |   4517 |     83 |      4 |   3678 |   6 |  766.7 |
        Temple |    167 |    120 |     47 |      0 |    109 |   1 |  167.0 |
       Ossuary |    826 |    826 |      0 |      0 |    661 |   1 |  826.0 |
               +--------+--------+--------+--------+--------+-----+--------+

Top non-repeatable levels by time:
     D:4: 1235 daAuts
     D:3: 979 daAuts
     D:2: 850 daAuts
 Ossuary: 826 daAuts
     D:1: 781 daAuts
     D:5: 679 daAuts
  Temple: 167 daAuts
     D:6: 74 daAuts
